 Dungeon Crawl Stone Soup version 0.30-a0-845-g7c6808c8ce (webtiles) character file.

Game seed: 16770156525525466267

162 IndexError the Shooter (level 5, 0/33 HPs)
             Began as a Gargoyle Hunter on Mar 3, 2023.
             Slain by a river rat (2 damage)
             ... in a sewer.
             The game lasted 00:06:17 (1963 turns).

IndexError the Shooter (Gargoyle Hunter)            Turns: 1963, Time: 00:06:17

Health: 0/33       AC: 11    Str: 15    XL:     5   Next: 43%
Magic:  5/5        EV: 11    Int:  9    God:
Gold:   181        SH:  0    Dex: 15    Spells: 4/4 levels left

rFire   . . .      SeeInvis .    a - +0 shortbow
rCold   . . .      Faith    .    (shield currently unavailable)
rNeg    + . .      Spirit   .    c - +0 leather armour
rPois   ∞          Reflect  .    (no helmet)
rElec   +          Rampage  .    k - +0 cloak
rCorr   .                        (no gloves)
Will    .....                    m - +2 pair of boots
Stlth   ++                       g - amulet of magic regeneration
HPRegen 0.25/turn                s - ring of wizardry {Wiz+, !d}
MPRegen 0.49/turn                (no ring)

@: no status effects
A: sickness immunity, AC +4, negative energy resistance 1, electricity
resistance, torment resistance 1, petrification resistance
a: no special abilities


You were in a sewer.
You visited 1 branch of the dungeon, and saw 3 of its levels.
You also visited: Sewer.

You collected 181 gold pieces.

Inventory:

Hand Weapons
 a - a +0 shortbow (weapon)
Missiles
 e - 6 javelins
Armour
 c - a +0 leather armour (worn)
 k - a +0 cloak (worn)
   (You found it on level 2 of the Dungeon)
 m - a +2 pair of boots (worn)
   (You found it on level 2 of the Dungeon)
Jewellery
 g - an amulet of magic regeneration (around neck)
   (You found it on level 1 of the Dungeon)
 q - a ring of ice {rC+, rF-}
   (You found it on level 2 of the Dungeon)
 s - a ring of wizardry (left hand) {Wiz+, !d}
   (You found it on level 2 of the Dungeon)
Scrolls
 b - a scroll of immolation {!r}
 f - 2 scrolls of identify {unknown}
 h - 2 scrolls of blinking {unknown}
 j - 2 scrolls of magic mapping {unknown}
 l - 4 scrolls of teleportation {unknown}
 n - a scroll of acquirement {unknown}
 p - 4 scrolls of vulnerability {unknown}
 t - a scroll of fear {unknown}
 u - a scroll of poison {unknown}
 v - a scroll of noise {unknown}
 w - a scroll of fog {unknown}
 x - a scroll of enchant armour {unknown}
Potions
 d - 4 potions of degeneration {unknown}
 i - 2 potions of brilliance {unknown}
 o - a potion of haste {unknown}
 r - a potion of might {unknown}


   Skills:
 + Level 3.7 Fighting
 * Level 5.9 Ranged Weapons
 - Level 1.5 Dodging
 - Level 1.1 Stealth


You had 4 spell levels left.
You didn't know any spells.
Your spell library was empty.

Dungeon Overview and Level Annotations

Branches:
Dungeon (3/15)              Sewer (1/1)

Altars:


Innate Abilities, Weirdness & Mutations

You are immune to sickness and miasma.
Your stone body is resilient. (AC +4)
You are immune to poison.
You resist negative energy. (rN+)
You are resistant to electric shocks. (rElec)
You are resistant to unholy torment.
You are immune to petrification.


Message History

A giant cockroach comes into view.
You shoot an arrow. The arrow hits the giant cockroach!
A bat comes into view.
You shoot an arrow. The arrow hits the bat!
A ball python comes into view.
You shoot an arrow. The arrow hits the ball python.
You open the large door.
There is a large open door here.
You now have 145 gold pieces (gained 7).
You now have 157 gold pieces (gained 12).
You now have 166 gold pieces (gained 9).
You now have 181 gold pieces (gained 15).
There is a large open door here.
You open the large door. 3 river rats come into view.
You shoot an arrow. The arrow barely misses the river rat.
The river rat bites you.
You take 6 damage, and have 26/32 hp.
You shoot an arrow.
The arrow hits the river rat but does no damage.
The river rat bites you but does no damage.
You shoot an arrow.
The arrow hits the river rat but does no damage.
The river rat bites you but does no damage.
The river rat closely misses you.
The river rat bites you but does no damage.
The river rat bites you. The river rat bites you!
The river rat bites you but does no damage.
You take 14 damage, and have 13/32 hp.
MASSIVE DAMAGE!!
You are too injured to fight recklessly!
You are too injured to fight recklessly!
You are too injured to fight recklessly!
The river rat bites you!
* * * LOW HITPOINT WARNING * * *
You take 8 damage, and have 5/32 hp.
MASSIVE DAMAGE!!
There is a large open door here.
Fire: a) +0 shortbow
Press: ? - help, Q - select action, (/) - cycle Shift-Dir - straight line, f/p - river rat
Aim: a river rat (58% to hit)
You shoot an arrow. The arrow barely misses the river rat.
The river rat bites you.
* * * LOW HITPOINT WARNING * * *
You take 2 damage, and have 4/32 hp.
Fire: a) +0 shortbow
Press: ? - help, Q - select action, (/) - cycle Shift-Dir - straight line, f/p - river rat
Aim: a river rat (58% to hit)
You shoot an arrow. The arrow hits the river rat!
The river rat closely misses you. The river rat misses you.
Fire: a) +0 shortbow
Press: ? - help, Q - select action, (/) - cycle Shift-Dir - straight line, f/p - river rat
Aim: a river rat (severely wounded, 58% to hit)
You shoot an arrow. The arrow hits the river rat.
The river rat bites you but does no damage. x2
The river rat barely misses you. The river rat completely misses you.
Fire: a) +0 shortbow
Press: ? - help, Q - select action, (/) - cycle Shift-Dir - straight line, f/p - river rat
Aim: a river rat (almost dead, 58% to hit)
You shoot an arrow. The arrow hits the river rat.
The river rat bites you.
* * * LOW HITPOINT WARNING * * *
You take 2 damage, and have 3/33 hp.
Fire: a) +0 shortbow
Press: ? - help, Q - select action, (/) - cycle Shift-Dir - straight line, f - river rat
Aim: a river rat (58% to hit)
You shoot an arrow. The arrow hits the river rat.
The river rat misses you.
The river rat bites you but does no damage.
Fire: a) +0 shortbow
Press: ? - help, Q - select action, (/) - cycle Shift-Dir - straight line, f/p - river rat
Aim: a river rat (severely wounded, 58% to hit)
You shoot an arrow. The arrow closely misses the river rat.
The river rat closely misses you. x2
Fire: a) +0 shortbow
Press: ? - help, Q - select action, (/) - cycle Shift-Dir - straight line, f/p - river rat
Aim: a river rat (severely wounded, 58% to hit)
You shoot an arrow. The arrow closely misses the river rat.
The river rat bites you but does no damage.
The river rat barely misses you.
Fire: a) +0 shortbow
Press: ? - help, Q - select action, (/) - cycle Shift-Dir - straight line, f/p - river rat
Aim: a river rat (severely wounded, 58% to hit)
You shoot an arrow.
The arrow hits the river rat but does no damage.
The river rat misses you. x2
The river rat bites you but does no damage.
The river rat bites you.
* * * LOW HITPOINT WARNING * * *
You take 3 damage, and have 1/33 hp.
Fire: a) +0 shortbow
Press: ? - help, Q - select action, (/) - cycle Shift-Dir - straight line, f/p - river rat
Aim: a river rat (severely wounded, 58% to hit)
You shoot an arrow. The arrow hits the river rat.
The river rat barely misses you.
Fire: a) +0 shortbow
Press: ? - help, Q - select action, (/) - cycle Shift-Dir - straight line, f - river rat
Aim: a river rat (58% to hit)
You shoot an arrow.
The arrow hits the river rat but does no damage.
The river rat bites you.
You die...

#~≈~~~~~~~~~~~~~†
#~≈~####~~####~≈~
#~≈.# #~~# #†≈.#
#~.#
#.≈.####..###
#~≈.##.#..#.#
#~≈†##.'..'.#
#.≈~##.'..†r#
#~≈~##.#..#@#
#†≈~## #..###
#~≈~# #..# #~≈~#
#..# #~≈~# #..#
#~≈~# +..+ #~≈.#
+..+ #~≈~# #~≈.#


You could see a river rat.

Vanquished Creatures
  2 adders
  A howler monkey skeleton (D:2)
  3 river rats (Sewer)
  An adder skeleton (D:2)
  4 worms
  2 dart slugs
  An orc (D:3)
  7 bats
  3 endoplasms
  6 giant cockroaches
  4 hobgoblins (D:1)
  7 jackals
  4 kobolds
  4 quokkas
  20 ball pythons
  A ball python skeleton (D:2)
  2 ball python zombies (D:2)
  7 frilled lizards
  A giant cockroach zombie (D:2)
  6 goblins
  A jackal skeleton (D:2)
  5 rats
92 creatures vanquished.

Vanquished Creatures (others)
  A withered plant (D:2)
1 creature vanquished.

Grand Total: 93 creatures vanquished

Notes
Turn   | Place    | Note
-------+----------+-------------------------------------------
     0 | D:1      | IndexError the Gargoyle Hunter began the quest for the Orb.
     0 | D:1      | Reached XP level 1. HP: 12/12 MP: 1/1
   143 | D:1      | Reached XP level 2. HP: 15/18 MP: 2/2
   432 | D:1      | Reached XP level 3. HP: 22/22 MP: 3/3
   843 | D:2      | Reached skill level 3 in Fighting
   892 | D:2      | Reached skill level 5 in Ranged Weapons
   934 | D:2      | Reached XP level 4. HP: 28/28 MP: 4/4
  1763 | D:3      | Found a glowing drain.
  1766 | D:3      | Reached XP level 5. HP: 32/32 MP: 5/5
  1773 | Sewer    | Entered a sewer
  1951 | Sewer    | HP: 5/32 [river rat (8)]
  1957 | Sewer    | HP: 3/32 [river rat (2)]
  1961 | Sewer    | HP: 1/33 [river rat (3)]
  1963 | Sewer    | Slain by a river rat

Illustrated notes

Levels and vault maps discovered:
D:1:      tarquinn_simple_flora_water_c, layout_loops_cross,
          chequers_serial_rivers_micro_d
D:2:      layout_rooms, serial_undead, serial_undead_e, serial_undead_b,
          serial_undead_b, serial_undead_e, serial_undead_d, serial_undead_b,
          minmay_randomly_rotated_circles
D:3:      layout_loops_ring, gup_sewer_entry_pipe
Sewer:    sewer_fruit_machine

Skill      XL: |  1  2  3 |
---------------+----------+-----
Fighting       | 3 |  3.7
Ranged Weapons | 5 |  5.9
Dodging        | |  1.5
Stealth        | |  1.1

Action                     |  1- 3 |  4- 6 || total
---------------------------+-------+-------++-------
   Fire: Shortbow          |   126 |   156 ||   282
 Armour: Leather armour    |    30 |    52 ||    82
  Dodge: Dodged            |    46 |    77 ||   123

Table legend: (Time is in decaauts)
 A = Elapsed time spent in this place.
 B = Non-inter-level travel time spent in this place.
 C = Inter-level travel time spent in this place.
 D = Time resting spent in this place.
 E = Time spent auto-exploring this place.
 F = Levels seen in this place.
 G = Mean time per level.
                   A        B        C        D        E       F      G
               +--------+--------+--------+--------+--------+-----+--------+
         Total |   2091 |   1967 |    124 |      0 |   1220 |   4 |  522.8 |
       Dungeon |   1846 |   1722 |    124 |      0 |   1068 |   3 |  615.3 |
         Sewer |    245 |    245 |      0 |      0 |    152 |   1 |  245.0 |
               +--------+--------+--------+--------+--------+-----+--------+

Top non-repeatable levels by time:
     D:1: 800 daAuts
     D:2: 719 daAuts
     D:3: 327 daAuts
   Sewer: 245 daAuts

Table legend:
 A = Kills in this place as a percentage of kills in the entire game.
 B = Kills by you in this place as a percentage of kills by you in the entire game.
 C = Kills by friends in this place as a percentage of kills by friends in the entire game.
 D = Other kills in this place as a percentage of other kills in the entire game.
 E = Experience gained in this place as a percentage of experience gained in the entire game.
 F = Experience gained in this place divided by the number of levels of this place that you have seen.
                   A       B       C       D       E      F
               +-------+-------+-------+-------+-------+----------------------
         Total | 100.0 | 100.0 |   N/A |   N/A | 100.0 |  58.0
       Dungeon |  81.5 |  81.5 |   N/A |   N/A |  72.0 |  55.7
         Sewer |  18.5 |  18.5 |   N/A |   N/A |  28.0 |  65.0
               +-------+-------+-------+-------+-------+----------------------
